AoeStats
← СерыйСерый

Golden Pit

509145572Analyzed
1v1 RM · 7d ago on Sep 25, 2026· 70m 49s· 2 players
Game mode
Random Map
Map size
Tiny (2 player)
Population
200
Speed
Normal
Resources
Standard
Victory
Conquest
Starting age
Dark Age
Ending age
Imperial Age
RankedLock teamsTeams togetherTeam positionsShared explorationLock speedFull tech treeHidden civsTurbo modeCheats
Victory
Defeat
🇩🇪 Byzantines · Germany
459
+15
🇷🇺 Slavs · Russia
430
-15
СерыйСерый
12:08 Feudal Age
12:43 Double-Bit Axe
14:08 Wheelbarrow
13:19 Loom
14:59 Horse Collar
26:27 Castle Age
27:26 Squires
30:18 Husbandry
33:25 Scale Barding Armor
36:45 Fletching
37:15 Bow Saw
39:15 Heavy Plow
42:57 Detinets
43:33 Hand Cart
49:31 Bloodlines
48:42 Light Cavalry
51:38 Ballistics
51:15 Murder Holes
53:33 Masonry
54:40 Pikeman
wuestie0511
13:48 Feudal Age
14:15 Double-Bit Axe
14:46 Horse Collar
16:30 Scale Barding Armor
21:21 Castle Age
19:39 Fletching
21:24 Arson
21:58 Forging
21:54 Scale Mail Armor
22:28 Squires
23:21 Bodkin Arrow
23:55 Husbandry
25:10 Fervor
26:18 Wheelbarrow
27:44 Loom
28:18 Hand Cart
29:44 Light Cavalry
31:03 Gold Mining
31:06 Stone Mining
32:19 Treadmill Crane
35:15 Redemption
36:00 Sanctity
36:07 Fortified Wall
35:53 Murder Holes
35:49 Guard Tower
36:49 Stone Shaft Mining
36:50 Gold Shaft Mining
36:29 Bow Saw
37:35 Iron Casting
39:35 Heavy Plow
42:50 Imperial Age
41:36 Chain Barding Armor
41:32 Chain Mail Armor
41:42 Ballistics
43:06 Devotion
44:33 Logistica
45:20 Plate Barding Armor
46:41 Elite Cataphract
49:59 Chemistry
48:45 Arrowslits
49:08 Pikeman
53:12 Cavalier
53:12 Heavy Camel Rider
54:34 Keep
58:45 Elite Varangian Guard
62:22 Crop Rotation
63:27 Halberdier
64:37 Bombard Tower
65:13 Loom
66:16 Spies/Treason
67:16 Conscription
67:32 Hoardings
66:48 Paladin
69:56 Greek Fire
Connection lost

Rejoining the realm…

Still unreachable

The connection could not be restored.

Session expired

The server has moved on; the page needs a fresh start.